 Dungeon Crawl Stone Soup version 0.20.1-1-g8b1a95d (webtiles) character file.

169 Irenicus the Chopper (level 5, 0/46 HPs)
             Began as a Deep Dwarf Monk on Oct 27, 2017.
             Killed from afar by an orc wizard (9 damage)
             ... with a puff of frost
             ... on level 3 of the Dungeon.
             The game lasted 00:03:09 (1150 turns).

Irenicus the Chopper (Deep Dwarf Monk)              Turns: 1150, Time: 00:03:10

Health: 0/46       AC:  3    Str: 15    XL:     5   Next: 25%
Magic:  5/5        EV: 14    Int: 10    God:
Gold:   98         SH:  0    Dex: 16    Spells: 4/4 levels left

rFire    . . .     SeeInvis .   a - +0 hand axe
rCold    . . .     Gourm    .   (no shield)
rNeg     . . .     Faith    .   b - +0 robe
rPois    .         Spirit   .   h - +0 helmet
rElec    .         Reflect  .   (no cloak)
rCorr    .         Harm     .   (no gloves)
MR       .....                  (no boots)
Stlth    ++........             (no amulet)
Regen    0.0/turn               (no ring)
MPRegen  0.1/turn               (no ring)

@: non-regenerating
A: damage resistance, heal wounds, sense surroundings 1, no regeneration
a: Heal Wounds


You were on level 3 of the Dungeon.
You were not hungry.

You visited 1 branch of the dungeon, and saw 3 of its levels.

You collected 98 gold pieces.

Inventory:

Hand Weapons
 a - a +0 hand axe (weapon)
Missiles
 l - 2 throwing nets (quivered)
Armour
 b - a +0 robe (worn)
 h - a +0 helmet (worn)
 k - a +0 buckler
Scrolls
 e - 2 scrolls of enchant weapon {unknown}
 g - a scroll of fear {unknown}
 i - 3 scrolls of teleportation {unknown}
 j - a scroll of identify {unknown}
 o - a scroll of amnesia {unknown}
Potions
 f - a potion of flight
Comestibles
 c - 2 bread rations
 d - a meat ration
 m - 2 royal jellies
 n - 8 chunks of flesh


   Skills:
 - Level 2.6 Fighting
 + Level 6.6 Axes
 - Level 3.2 Dodging
 - Level 2.4 Stealth


You had 4 spell levels left.
You didn't know any spells.

Dungeon Overview and Level Annotations

Branches:
Dungeon (3/15)

Altars:


Innate Abilities, Weirdness & Mutations

You are resistant to damage.
You can heal yourself by infusing magical energy.
You passively map a small area around you.
You do not regenerate.


Message History

The magic dart hits you!
* * * LOW HITPOINT WARNING * * *
You hit the orc wizard but do no damage.
The orc wizard is severely wounded.
The orc wizard hits you with a dagger.
* * * LOW HITPOINT WARNING * * *
You closely miss the orc wizard.
The orc wizard is severely wounded.
The orc wizard barely misses you. The orc wizard casts a spell at you.
The puff of frost hits you!
* * * LOW HITPOINT WARNING * * *
You closely miss the orc wizard.
The orc wizard is severely wounded.
The orc wizard hits you but does no damage.
You hit the orc wizard but do no damage.
The orc wizard is severely wounded.
The orc wizard casts a spell at you. The puff of frost hits you!
You die...

, *####....##..#. ,,
*, #...........*
*,*..#####..<.##.....
* .,........#.##
.##.. * *
....#####)#.# .# ,.
#.........#.# .# ,.#
.##########.# .##.?#
* , ........###.....#
, ########..@o...# ,
,........#######
*#########


You could see an orc wizard.

Vanquished Creatures
  An ogre (D:3)
  An orc wizard (D:3)
  Robin (D:2)
  An adder (D:2)
  A dart slug (D:1)
  2 leopard geckos (D:1)
  4 orcs (D:3)
  5 bats
  A giant cockroach (D:2)
  8 goblins
  3 hobgoblins
  2 frilled lizards (D:1)
  4 kobolds
  4 rats
38 creatures vanquished.

Notes
Turn   | Place    | Note
-------+----------+-------------------------------------------
     0 | D:1      | Irenicus the Deep Dwarf Monk began the quest for the Orb.
     0 | D:1      | Reached XP level 1. HP: 20/20 MP: 1/1
   189 | D:1      | You fall through a shaft!
   209 | D:1      | Reached skill level 4 in Axes
   209 | D:1      | Reached XP level 2. HP: 20/27 MP: 2/2
   458 | D:2      | Noticed Robin
   491 | D:2      | Reached XP level 3. HP: 27/33 MP: 3/3
   493 | D:2      | Killed Robin
   514 | D:2      | Reached skill level 5 in Axes
  1050 | D:3      | Noticed an ogre
  1066 | D:3      | Killed an ogre
  1066 | D:3      | Reached skill level 6 in Axes
  1066 | D:3      | Reached XP level 4. HP: 17/40 MP: 4/4
  1092 | D:3      | Reached XP level 5. HP: 16/46 MP: 5/5
  1150 | D:3      | Killed from afar by an orc wizard

Skill      XL: |  1  2  3 |
---------------+----------+-----
Axes           | 4 6 |  6.6
Fighting       | |  2.6
Dodging        | |  3.2
Stealth        | |  2.4

Action                   |  1- 3 |  4- 6 || total
-------------------------+-------+-------++-------
Melee: Hand axe          |   112 |    41 ||   153
 Abil: Heal Wounds       |     1 |     1 ||     2
  Use: Potion            |     3 |       ||     3
 Stab: Sleeping          |     3 |       ||     3
       Invisible         |     2 |     1 ||     3
  Eat: Chunk             |       |     1 ||     1
Armor: Robe              |    21 |     6 ||    27
Dodge: Dodged            |    87 |    24 ||   111
